 Dungeon Crawl Stone Soup version 0.32-a0-131-g9dbbe29 (webtiles) character file.

Game seed: 2976042013469251619

1260 Dorkslayer the Grappler (level 8, -7/54 HPs)
             Began as an Octopode Fighter on Feb 8, 2024.
             Mangled by a two-headed ogre
             ... wielding a +0 dire flail
              (26 damage)
             ... on level 6 of the Dungeon.
             The game lasted 00:09:45 (4059 turns).

Dorkslayer the Grappler (Octopode Fighter)          Turns: 4059, Time: 00:09:46

Health: -7/54      AC:  1    Str: 18    XL:     8   Next: 52%
Magic:  8/8        EV: 11    Int: 10    God:
Gold:   1534       SH: 13    Dex: 15    Spells: 7/7 levels left

rFire   x .          .
                       - Unarmed
rCold   + + .        o - +0 tower shield
rNeg    + . .        (helmet restricted)
rPois   .            (no amulet)
rElec   .            e - ring of protection from cold
rCorr   .            b - ring of positive energy
SInv    +            k - ring "Junnejom" {Ice *Slow Will+ Dex+4}
Will    +....        n - ring of see invisible
Stlth   ++++         (no ring)
HPRegen 0.29/turn    (no ring)
MPRegen 0.11/turn    (no ring)
                     (no ring)

%: slow self (1%)
@: no status effects
A: almost no armour, amphibious, 8 rings, camouflage 1, gelatinous body 1,
(nimble swimmer 1), tentacles
a: no special abilities


You were on level 6 of the Dungeon.
You visited 1 branch of the dungeon, and saw 6 of its levels.

You collected 1534 gold pieces.

Inventory:

Hand Weapons
 g - a +1 spectral mace
Missiles
 p - 3 boomerangs (quivered)
Armour
 a - a +1 buckler
 o - a +0 tower shield (worn)
Jewellery
 b - a ring of positive energy (right tentacle)
 e - a ring of protection from cold (left tentacle)
 k - the ring "Junnejom" (on tentacle) {Ice *Slow Will+ Dex+4}
   (You found it on level 4 of the Dungeon)

   [ring of ice]

   Ice:       It enhances your ice magic.
   Dex+4:     It affects your dexterity (+4).
   rF-:       It makes you vulnerable to fire.
   rC+:       It protects you from cold.
   Will+:     It increases your willpower.
   *Slow:     It may slow you when you take damage.
 n - a ring of see invisible (on tentacle)
Scrolls
 c - a scroll of fear
 h - 2 scrolls of teleportation
 m - a scroll of identify
Potions
 d - 5 potions of curing
 f - a potion of degeneration {unknown}
 i - a potion of ambrosia {unknown}
 j - a potion of resistance
 l - a potion of lignification {unknown}


   Skills:
 + Level 3.8 Fighting
 + Level 4.6 Dodging
 + Level 4.4 Stealth
 + Level 4.1 Shields
 * Level 8.1 Unarmed Combat


You had 7 spell levels left.
You didn't know any spells.
Your spell library contained the following spells:

 Spells                   Type           Power      Damage    Failure   Level
 Apportation              Tloc           0%         N/A       97%         1
 Freeze                   Ice            0%         1d3       97%         1
 Call Imp                 Summ           0%         N/A       99%         2
 Jinxbite                 Hex            0%         N/A       99%         2
 Sublimation of Blood     Necr           0%         N/A       99%         2
 Frozen Ramparts          Ice            0%         1d1       100%        3
 Hailstorm                Conj/Ice       0%         3d5       100%        3
 Alistair's Intoxication  Alch           0%         N/A       100%        5
 Summon Hydra             Summ           0%         N/A       100%        7


Dungeon Overview and Level Annotations

Branches:
Dungeon (6/15)
 Temple: D:4-7

Altars:
Elyvilon
The Shining One


Innate Abilities, Weirdness & Mutations

You cannot wear most types of armour.
You are amphibious.
You can wear up to eight rings at the same time.
Your skin changes colour to match your surroundings (Stealth+).
Your rubbery body absorbs attacks. (AC +1, EV +1)
((You are camouflaged when in or above water. (Stealth+)))
You have tentacles for arms and can constrict up to eight enemies at once.


Message History

You kill the ufetubus!
You block the ufetubus's attack. x2
You barely miss the ufetubus. You grab the ufetubus.
You constrict the ufetubus. The ufetubus hits you.
You block the ufetubus's attack. x2; The ufetubus hits you.
You bludgeon the ufetubus!
You kill the ufetubus!
Found 3 boomerangs.
n - a ring of see invisible
n - a ring of see invisible (on tentacle)
You see here 3 boomerangs.
p - 3 boomerangs HP restored.
A two-headed ogre comes into view.
It is wielding a +0 dire flail and a +0 giant club.
The helpless two-headed ogre fails to defend itself.
You bludgeon the two-headed ogre! You squeeze the two-headed ogre!
The two-headed ogre is heavily wounded.
You block the two-headed ogre's attack. x2
You tentacle-slap the two-headed ogre but do no damage.
You tentacle-slap the two-headed ogre.
The two-headed ogre is heavily wounded.
You block the two-headed ogre's attack. The two-headed ogre closely misses you.
You barely miss the two-headed ogre.
The two-headed ogre is heavily wounded.
You bludgeon the two-headed ogre!
The two-headed ogre is severely wounded.
The two-headed ogre hits you with a +0 dire flail!
The two-headed ogre misses you.
You bludgeon the two-headed ogre!
The two-headed ogre is almost dead.
You block the two-headed ogre's attack. x2
You barely miss the two-headed ogre.
You squeeze the two-headed ogre, but do no damage.
The two-headed ogre is almost dead.
The two-headed ogre hits you with a +0 dire flail!
The two-headed ogre hits you with a +0 giant club!
You barely miss the two-headed ogre.
The two-headed ogre is almost dead.
The two-headed ogre hits you with a +0 dire flail!!
You die...

#... ..# ... ..#
... ..# #.# #.# #
#.# #.# .# #O# #.#
^# #@# #.##.#
######.######....#
..................#
.#####..######..#.#
#..........#.# .#
#..######..#.#..#
#.....(.........#
#.#######..#.##.#
#. #..#.##.#


You could see a two-headed ogre.

Vanquished Creatures
  The ghost of Dega the Shield-Bearer, a novice OpFi (D:5)
  Grinder (D:3)
  An ogre (D:4)
  3 phantoms
  A bullfrog (D:5)
  2 bombardier beetles (D:5)
  3 hounds
  A jelly (D:4)
  Crazy Yiuf (D:2)
  Terence (D:3)
  An iguana (D:5)
  3 adders
  3 gnolls (D:3)
  2 ufetubi (D:6)
  A dart slug (D:1)
  7 orcs
  4 endoplasms
  2 giant cockroaches
  8 hobgoblins
  9 jackals
  3 quokkas
  4 ball pythons
  2 bats (D:1)
  4 frilled lizards (D:1)
  6 goblins
  9 kobolds
  6 rats
89 creatures vanquished.

Notes
Turn   | Place    | Note
-------+----------+-------------------------------------------
     0 | D:1      | Dorkslayer the Octopode Fighter began the quest for the
                  | Orb.
     0 | D:1      | Reached XP level 1. HP: 16/16 MP: 1/1
   113 | D:1      | Reached XP level 2. HP: 21/21 MP: 2/2
   520 | D:1      | Reached XP level 3. HP: 19/26 MP: 3/3
  1207 | D:2      | Found a white marble altar of Elyvilon.
  1435 | D:2      | Found a runed translucent door.
  1436 | D:2      | Noticed Crazy Yiuf
  1445 | D:2      | Killed Crazy Yiuf
  1446 | D:2      | Reached skill level 1 in Stealth
  1446 | D:2      | Reached skill level 3 in Unarmed Combat
  1446 | D:2      | Reached XP level 4. HP: 31/31 MP: 4/4
  1887 | D:3      | Noticed Terence
  1910 | D:3      | Killed Terence
  2016 | D:3      | Reached XP level 5. HP: 22/36 MP: 5/5
  2109 | D:3      | Reached skill level 4 in Unarmed Combat
  2303 | D:3      | Noticed Grinder
  2474 | D:3      | Paralysed by Grinder for 2 turns
  2485 | D:3      | Killed Grinder
  2486 | D:3      | Reached skill level 5 in Unarmed Combat
  2486 | D:3      | Reached XP level 6. HP: 29/42 MP: 6/6
  2839 | D:4      | Identified a scroll of acquirement
  2839 | D:4      | Acquired 1254 gold pieces
  2855 | D:4      | Reached XP level 7. HP: 42/46 MP: 7/7
  2918 | D:4      | Reached skill level 6 in Unarmed Combat
  3082 | D:4      | Identified the ring "Junnejom" {Ice *Slow Will+ Dex+4}
  3089 | D:4      | Found a glowing golden altar of the Shining One.
  3216 | D:5      | Entered Level 5 of the Dungeon
  3534 | D:5      | Reached skill level 7 in Unarmed Combat
  3624 | D:5      | Reached XP level 8. HP: 53/53 MP: 8/8
  3658 | D:5      | Found a runed translucent door.
  3704 | D:5      | Noticed Dega's ghost (novice OpFi)
  3791 | D:5      | Killed Dega's ghost
  3795 | D:5      | Reached skill level 8 in Unarmed Combat
  4050 | D:6      | Noticed a two-headed ogre
  4059 | D:6      | Mangled by a two-headed ogre

Illustrated notes

Levels and vault maps discovered:
D:1:      lemuel_arrival_tunnels, layout_basic
D:2:      layout_loops_corners, basic_altar, uniq_crazy_yiuf_cottage
D:3:      wander_river, layout_basic, minmay_misc_feat_roman, uniq_terence,
          uniq_grinder
D:4:      layout_cave_pools, mainiacjoe_overflow_catwalk
D:5:      layout_cave_pools, ebering_ghost_sewer_d
D:6:      layout_loops_ring, st_stairs_3, serial_bayou_lake_a

Skill      XL: |  1  2  3  4  5  6  7  8 |
---------------+-------------------------+-----
Stealth        | 1 2 3 4 |  4.4
Unarmed Combat | 3 5 7 8 |  8.1
Dodging        | 4 |  4.6
Shields        | 4 |  4.1
Fighting       | |  3.8

Action                     |  1- 3 |  4- 6 |  7- 9 || total
---------------------------+-------+-------+-------++-------
  Melee: Unarmed           |    52 |    72 |   109 ||   233
         Constrict         |    18 |    12 |    14 ||    44
         Tentacles         |    10 |    14 |    19 ||    43
         Punch             |       |     1 |     9 ||    10
    Use: Potion            |     1 |     1 |     2 ||     4
         Scroll            |       |     9 |     5 ||    14
   Stab: Sleeping          |     5 |     2 |     5 ||    12
         Distracted        |       |     1 |       ||     1
 Armour: Skin              |    23 |    28 |    44 ||    95
  Dodge: Dodged            |    29 |    28 |    40 ||    97
  Block: Buckler           |    10 |    15 |    14 ||    39
         Tower shield      |       |       |    25 ||    25

Table legend: (Time is in decaauts)
 A = Elapsed time spent in this place.
 B = Non-inter-level travel time spent in this place.
 C = Inter-level travel time spent in this place.
 D = Time resting spent in this place.
 E = Time spent auto-exploring this place.
 F = Levels seen in this place.
 G = Mean time per level.
                   A        B        C        D        E       F      G
               +--------+--------+--------+--------+--------+-----+--------+
         Total |   4033 |   4033 |      0 |     64 |   2339 |   6 |  672.2 |
       Dungeon |   4033 |   4033 |      0 |     64 |   2339 |   6 |  672.2 |
               +--------+--------+--------+--------+--------+-----+--------+

Top non-repeatable levels by time:
     D:3: 1022 daAuts
     D:1: 960 daAuts
     D:2: 834 daAuts
     D:5: 726 daAuts
     D:4: 371 daAuts
     D:6: 118 daAuts
